AoeStats
← Magno

MegaRandom

507373353Analyzed
2v2 RM · 2mo ago on Sep 17, 2026· 61m 40s· 4 players
Game mode
Random Map
Map size
Medium (4 player)
Population
200
Speed
Normal
Resources
Standard
Victory
Conquest
Starting age
Dark Age
Ending age
Imperial Age
RankedLock teamsTeams togetherTeam positionsShared explorationLock speedFull tech treeHidden civsTurbo modeCheats
Victory
Defeat
🇦🇷 Persians · Argentina
931
+12
🇧🇷 Hindustanis · Brazil
877
+15
vs
🇺🇸 Britons · United States
861
-14
🇪🇸 Spanish · Spain
838
-22
niccccceeeee
11:50 Feudal Age
16:28 Fletching
20:31 Castle Age
19:51 Horse Collar
20:04 Man-at-Arms
20:36 Arson
22:13 Long Swordsman
22:55 Squires
24:40 Double-Bit Axe
26:59 Gambesons
29:21 Wheelbarrow
29:35 Padded Archer Armor
29:39 Town Watch
30:28 Scale Mail Armor
31:18 Ballistics
30:39 Treadmill Crane
31:59 Town Patrol
31:57 Pikeman
33:59 Heavy Plow
34:12 Bow Saw
33:59 Bodkin Arrow
34:18 Forging
36:53 Crossbowman
38:15 Hand Cart
39:17 Gold Mining
42:16 Imperial Age
41:18 Loom
43:09 Bodkin Arrow
43:50 Iron Casting
43:30 Chain Mail Armor
43:31 Leather Archer Armor
43:47 Fortified Wall
43:33 Murder Holes
43:51 Masonry
43:17 Two-Handed Swordsman
44:02 Bracer
44:12 Siege Engineers
44:08 Capped Ram
45:31 Yeomen
45:28 Champion
49:06 Halberdier
50:33 Elite Longbowman
51:38 Conscription
51:05 Arbalester
53:32 Blast Furnace
53:03 Plate Mail Armor
55:03 Warwolf
55:38 Architecture
59:19 Ring Archer Armor
59:56 Chemistry
Magno
10:34 Feudal Age
11:33 Double-Bit Axe
21:19 Gold Mining
24:05 Castle Age
26:01 Bow Saw
29:14 Scale Barding Armor
29:22 Forging
30:56 Husbandry
31:07 Bloodlines
31:42 Fervor
34:16 Redemption
36:39 Stone Mining
40:35 Imperial Age
39:46 Ballistics
39:38 Masonry
39:24 Murder Holes
40:16 Chain Barding Armor
40:32 Iron Casting
40:49 Loom
41:40 Wheelbarrow
40:50 Town Watch
41:03 Arson
41:18 Squires
40:39 Pikeman
44:17 Chemistry
43:43 Cavalier
46:49 Halberdier
l'entourloupe
6:18 Loom
12:50 Feudal Age
17:01 Castle Age
16:15 Double-Bit Axe
20:28 Scale Mail Armor
26:07 Horse Collar
28:41 Heavy Plow
30:15 Wheelbarrow
31:56 Hand Cart
36:48 Imperial Age
36:26 Padded Archer Armor
37:15 Bow Saw
38:33 Chemistry
38:19 Leather Archer Armor
38:21 Chain Mail Armor
38:16 Squires
38:27 Fletching
38:51 Shatagni
39:25 Guard Tower
40:45 Ring Archer Armor
40:30 Forging
41:38 Gold Mining
42:01 Bodkin Arrow
42:42 Iron Casting
42:16 Elite Skirmisher
45:33 Elite Ghulam
MonarKA
5:22 Loom
11:26 Feudal Age
12:01 Double-Bit Axe
18:10 Castle Age
16:23 Horse Collar
24:50 Stone Mining
25:20 Fervor
25:17 Husbandry
28:04 Town Watch
30:16 Wheelbarrow
30:20 Bow Saw
30:24 Scale Barding Armor
30:27 Heavy Plow
31:57 Hand Cart
35:35 Imperial Age
36:53 Bloodlines
36:41 Gold Mining
37:37 Stone Shaft Mining
37:09 Town Patrol
37:55 Conscription
37:54 Citadels
37:15 Light Cavalry
38:09 Scale Barding Armor
38:14 Forging
37:55 Fletching
39:04 Caravan
38:55 Hussar
41:21 Chain Barding Armor
41:36 Iron Casting
41:56 Capped Ram
44:05 Plate Barding Armor
44:31 Blast Furnace
43:59 Siege Ram
47:00 Blast Furnace
45:56 Bodkin Arrow
50:05 Elite War Elephant
51:16 Man-at-Arms
51:42 Gambesons
52:22 Scale Mail Armor
54:13 Long Swordsman
54:20 Long Swordsman
55:02 Squires
54:47 Arson
55:21 Chain Mail Armor
56:30 Cavalier
59:04 Savar
Connection lost

Rejoining the realm…

Still unreachable

The connection could not be restored.

Session expired

The server has moved on; the page needs a fresh start.